 Dungeon Crawl Stone Soup version 0.18.1-50-g88ac8fd (webtiles) character file.

1159 magog001 the Chopper (level 8, -6/73 HPs)
             Began as a Hill Orc Fighter on Aug 18, 2018.
             Splashed by a jelly's acid (7 damage)
             ... on level 5 of the Dungeon.
             The game lasted 00:21:45 (4543 turns).

magog001 the Chopper (Hill Orc Fighter)             Turns: 4543, Time: 00:21:48

Health: -6/73      AC: -4    Str: 21    XL:     8   Next: 39%
Magic:  8/8        EV:  6    Int:  8    God:
Gold:   188        SH: 15    Dex: 10    Spells: 0 memorised, 7 levels left

rFire  + . .     SeeInvis .     a - +0 war axe
rCold  + . .     Gourm    .     m - +3 scale mail {rC+}
rNeg   . . .     Faith    .     C - +0 large shield
rPois  +         Spirit   .     y - +1 helmet
rElec  .         Dismiss  .     B - +0 cloak
rCorr  .         Reflect  .     (no gloves)
SustAt .         Harm     .     x - +0 pair of boots
MR     .....                    (no amulet)
Stlth  ..........               i - ring of poison resistance
                                t - ring of protection from fire

@: corroded, not resistant to hostile enchantments, extremely unstealthy
A: no striking features
a: no special abilities


You were on level 5 of the Dungeon.
You were hungry.

You visited 1 branch of the dungeon, and saw 5 of its levels.

You collected 188 gold pieces.

Inventory:

Hand Weapons
 a - a +0 war axe (weapon)
 k - a +0 hunting sling
Missiles
 b - 44 poisoned needles
 r - 20 sling bullets
Armour
 m - a +3 scale mail of cold resistance (worn)
 x - a +0 pair of boots (worn)
 y - a +1 helmet (worn)
 B - a +0 cloak (worn)
 C - a +0 large shield (worn)
Jewellery
 i - a ring of poison resistance (right hand)
 t - a ring of protection from fire (left hand)
Wands
 p - a wand of flame (26/48)
Scrolls
 g - 4 scrolls of teleportation
 l - a scroll of identify
 o - a scroll of amnesia {unknown}
 s - a scroll of blinking
 u - a scroll of remove curse
 v - a scroll of magic mapping {unknown}
Potions
 d - 3 potions of might
 e - a potion of degeneration {unknown}
 j - 2 potions of berserk rage
 n - a potion of magic
 A - a potion of cancellation {unknown}
Comestibles
 f - 3 bread rations
 q - 4 fruits
 w - a slice of pizza


   Skills:
 * Level 7.2 Fighting
 * Level 7.3 Axes
 + Level 5.7 Armour
 - Level 0.1 Dodging
 + Level 6.0 Shields


You had 7 spell levels left.
You didn't know any spells.

Dungeon Overview and Level Annotations

Branches:
Dungeon (5/15)
 Temple: D:4-7

Altars:
Ashenzari
Cheibriados
Dithmenos
Fedhas
Trog


Message History

The acid burns!
* * * LOW HITPOINT WARNING * * *
The jelly hits you.
* * * LOW HITPOINT WARNING * * *
You are splashed with acid!
The acid burns!
* * * LOW HITPOINT WARNING * * *
Found 18 arrows.
You completely miss the jelly.
The jelly is severely wounded.
The jelly hits you.
* * * LOW HITPOINT WARNING * * *
You are splashed with acid!
The acid burns!
* * * LOW HITPOINT WARNING * * *
You hit the jelly.
Your hands burn!
* * * LOW HITPOINT WARNING * * *
The jelly is severely wounded.
The jelly hits you.
* * * LOW HITPOINT WARNING * * *
You are splashed with acid!
The acid corrodes you!
The acid burns!
You die...

#. #... .. ..# ...
#.. ...##.. ##..
....#..###...
...........#
.....(.....#
...........## ..
.......@....### ..#.
.......J....... ..##
..............# ..##
... .........###.##
#..## ...
...#.....###..#
##..... .. .#
##.........####......
#.
##..........#.......
.## #..######......#
.. #.# ###.# ##....##
#.


You could see a jelly.

Vanquished Creatures
  Eustachio (D:3)
  A water moccasin (D:5)
  Duvessa (D:4)
  A sky beast (D:4)
  An ogre (D:4)
  Dowan (D:4)
  A howler monkey (D:4)
  2 crimson imps (D:5)
  Crazy Yiuf (D:4)
  An orc priest (D:4)
  2 orc wizards
  A centaur skeleton (D:4)
  An iguana (D:5)
  5 worker ants
  A hound skeleton (D:5)
  6 adders
  2 worms
  2 giant geckos
  10 orcs
  2 ball pythons (D:3)
  5 giant cockroaches
  4 goblins (D:1)
  10 hobgoblins
  13 kobolds
  4 quokkas
  10 bats
  A giant newt (D:2)
  A quokka skeleton (D:4)
  4 rats
95 creatures vanquished.

Vanquished Creatures (others)
  An orc wizard (D:5)
  A giant newt (D:5)
2 creatures vanquished.

Grand Total: 97 creatures vanquished

Notes
Turn   | Place    | Note
--------------------------------------------------------------
     0 | D:1      | magog001 the Hill Orc Fighter began the quest for the Orb.
     0 | D:1      | Reached XP level 1. HP: 19/19 MP: 1/1
    62 | D:1      | Reached XP level 2. HP: 21/27 MP: 2/2
    75 | D:1      | Found a shattered altar of Ashenzari.
   572 | D:2      | Found a shadowy altar of Dithmenos.
   582 | D:2      | Found a snail-covered altar of Cheibriados.
   587 | D:2      | Found a bloodstained altar of Trog.
   708 | D:2      | Reached XP level 3. HP: 17/33 MP: 3/3
   968 | D:3      | Found a blossoming altar of Fedhas.
  1636 | D:3      | Reached XP level 4. HP: 36/40 MP: 4/4
  2071 | D:4      | Reached XP level 5. HP: 32/47 MP: 5/5
  2088 | D:4      | Noticed Eustachio
  2416 | D:3      | HP: 2/47 [Eustachio/rapier (5)]
  2417 | D:3      | Killed Eustachio
  2417 | D:3      | Reached skill level 5 in Fighting
  2417 | D:3      | Reached XP level 6. HP: 3/56 MP: 6/6
  2913 | D:4      | Reached skill level 5 in Axes
  2913 | D:4      | Reached skill level 5 in Shields
  3189 | D:4      | Noticed a sky beast
  3195 | D:4      | Reached XP level 7. HP: 61/62 MP: 7/7
  3240 | D:4      | Reached skill level 5 in Armour
  3381 | D:4      | Noticed Duvessa
  3386 | D:4      | Noticed Dowan
  3403 | D:4      | Killed Duvessa
  3421 | D:4      | Killed Dowan
  3425 | D:4      | HP: 3/63 [poisoned by Dowan]
  3720 | D:4      | Noticed Crazy Yiuf
  3730 | D:4      | Killed Crazy Yiuf
  4068 | D:4      | Reached XP level 8. HP: 65/71 MP: 8/8
  4239 | D:5      | Entered Level 5 of the Dungeon
  4542 | D:5      | HP: 3/73 [acid (10)]
  4543 | D:5      | HP: 1/73 [jelly (2)]
  4543 | D:5      | Splashed by a jelly's acid

Skill      XL: |  1  2  3  4  5  6  7  8 |
---------------+-------------------------+-----
Fighting       | 4 5 6 7 |  7.2
Axes           | 3 4 5 6 7 |  7.3
Shields        | 4 5 6 |  6.0
Armour         | 4 5 |  5.7
Dodging        | |  0.1

Action                   |  1- 3 |  4- 6 |  7- 9 || total
-------------------------+-------+-------+-------++-------
Melee: War axe           |   124 |   163 |   221 ||   508
  Use: Scroll            |     4 |     3 |       ||     7
       Potion            |       |     1 |     5 ||     6
  Eat: Chunk             |     2 |     1 |     4 ||     7
       Meat ration       |       |     1 |       ||     1
Armor: Ring mail         |    46 |   139 |       ||   185
       Scale mail        |     2 |     5 |   100 ||   107
Dodge: Dodged            |    54 |    73 |    39 ||   166
Block: Shield            |    83 |   131 |    99 ||   313
       Large shield      |       |       |    14 ||    14
